 Dungeon Crawl Stone Soup version 0.31-a0-965-g8a8ce12e04 (webtiles) character file.

Game seed: 12135556735790298956

22484 senseless the Demonic Catastrophe (level 12, 0/94 HPs)
             Began as a Demonspawn Shapeshifter on Oct 26, 2023.
             Was an Elder of Qazlal.
             Killed by mirror damage (4 damage)
             ... on level 12 of the Dungeon on Oct 27, 2023.
             The game lasted 00:35:40 (12547 turns).

senseless the Demonic Catastrophe (DsSh)           Turns: 12547, Time: 00:35:40

Health: 0/94       AC: 19    Str: 15    XL:     12   Next: 63%
Magic:  29/29      EV: 11    Int:  8    God:    Qazlal [****..]
Gold:   786        SH:  9    Dex: 20    Spells: 21/21 levels left

rFire   + . .        K - +9 scimitar "Sied" {flame, rF+ rCorr MP+9 Int-4}
rCold   . . .        (no shield)
rNeg    . . .        C - +5 chain mail "Hyujah" {Dex+3 Slay+5}
rPois   .            (helmet currently unavailable)
rElec   .            (cloak currently unavailable)
rCorr   +            (gloves unavailable)
SInv    +            (boots currently unavailable)
Will    .....        P - amulet of regeneration Stlth
                     u - ring of flight
HPRegen 1.15/turn    R - ring of see invisible
MPRegen 0.21/turn

%: repel missiles
@: beast-form, flying, slowed, studying Spellcasting, very slow
A: beast (slay +4), horns 1, icemail 1, condensation shield, weakness stinger 1,
demonic touch 3
a: Begin Untransformation, Renounce Religion, Upheaval, Elemental Force


You were on level 12 of the Dungeon.
You worshipped Qazlal.
Qazlal was greatly pleased with you.
You were a hulking beast.
You visited 1 branch of the dungeon, and saw 13 of its levels.
You also visited: Sewer.

You collected 786 gold pieces.

Inventory:

Hand Weapons
 a - the +6 long sword of the Blessed Realm {freeze, rN++ Stlth+}
   (You found it on level 6 of the Dungeon)

   rN++:      It greatly protects you from negative energy.
   Stlth+:    It makes you more stealthy.
 b - the +7 captain's cutlass {speed, disarm}
   (You found it on level 9 of the Dungeon)
 g - a +2 whip of draining
 r - a +2 whip of electrocution
 K - the +9 scimitar "Sied" (weapon) {flame, rF+ rCorr MP+9 Int-4}
   (You took it off a wight on level 9 of the Dungeon)

   Int-4:     It affects your intelligence (-4).
   rF+:       It protects you from fire.
   MP+9:      It affects your magic capacity (+9).
   rCorr:     It protects you from acid and corrosion.
Missiles
 m - 2 curare-tipped darts
 o - 83 poisoned darts
 q - 3 atropa-tipped darts (quivered)
Armour
 i - a +0 pair of boots
 s - a +2 cloak
 A - a +0 troll leather armour
 C - the +5 chain mail "Hyujah" (worn) {Dex+3 Slay+5}
   (You found it on level 7 of the Dungeon)

   Dex+3:     It affects your dexterity (+3).
   Slay+5:    It affects your accuracy & damage with ranged weapons and melee
   (+5).
 D - a +1 animal skin
 F - a +0 cloak
 J - the +5 robe of Misfortune {Harm *Corrode *Slow EV+5}
   (You found it on level 9 of the Dungeon)

   EV+5:      It affects your evasion (+5).
   *Corrode:  It may corrode you when you take damage.
   *Slow:     It may slow you when you take damage.
   Harm:      It increases damage dealt and taken.
Jewellery
 p - a +6 ring of intelligence
 u - a ring of flight (left hand)
 z - an amulet of guardian spirit
 E - an amulet of faith
 P - an amulet of regeneration (around neck)
 R - a ring of see invisible (right hand)
Talismans
 c - a beast talisman
 d - a flux talisman
 Q - a blade talisman
Wands
 y - a wand of charming (12)
 G - a wand of flame (35)
 H - a wand of iceblast (4)
Scrolls
 f - 15 scrolls of teleportation
 n - 4 scrolls of enchant weapon
 v - a scroll of butterflies
 B - 3 scrolls of fog
 M - 2 scrolls of fear
 T - a scroll of immolation
Potions
 e - 6 potions of haste
 h - 5 potions of curing
 j - 2 potions of attraction
 k - a potion of resistance {unknown}
 l - 2 potions of mutation
 t - a potion of brilliance {unknown}
 w - 2 potions of enlightenment
 x - 2 potions of cancellation {unknown}
 I - 5 potions of lignification
 L - a potion of invisibility
 N - a potion of berserk rage {unknown}
 O - 2 potions of heal wounds
 S - a potion of ambrosia {unknown}


   Skills:
 + Level 8.9 Fighting
 - Level 2.3 Long Blades
 * Level 7.6 Armour
 + Level 8.2 Dodging
 + Level 8.5 Unarmed Combat
 - Level 5.3 Spellcasting
 + Level 9.9 Invocations
 * Level 8.0 Shapeshifting


You had 21 spell levels left.
You didn't know any spells.
Your spell library contained the following spells:

 Spells                   Type           Power      Damage    Failure   Level
 Apportation              Tloc           4%         N/A       95%         1
 Necrotise                Necr           8%         1d4       95%         1
 Sandblast                Erth           4%         2d4       95%         1
 Summon Small Mammal      Summ           8%         N/A       95%         1
 Lesser Beckoning         Tloc           4%         N/A       98%         2
 Passwall                 Tmut/Erth      1%         N/A       98%         2
 Poisonous Vapours        Pois/Air       4%         N/A       98%         2
 Sublimation of Blood     Necr           2%         N/A       98%         2
 Dazzling Flash           Conj/Hex       4%         N/A       100%        3
 Gell's Gravitas          Tloc           2%         N/A       100%        3
 Ignite Poison            Fire/Tmut/Pois 2%         N/A       100%        3
 Mephitic Cloud           Conj/Pois/Air  2%         N/A       100%        3
 Stone Arrow              Conj/Erth      4%         3d7       100%        3
 Teleport Other           Tloc           2%         N/A       100%        3
 Volatile Blastmotes      Fire/Tloc      4%         2d10      100%        3
 Animate Armour           Summ/Erth      4%         N/A       100%        4
 Brom's Barrelling Bould  Conj/Erth      2%         2d3       100%        4
 Fulminant Prism          Conj/Hex       1%         3d5       100%        4
 Iskenderun's Mystic Bla  Conj/Tloc      2%         2d3       100%        4
 Petrify                  Tmut/Erth      2%         N/A       100%        4
 Sticky Flame             Conj/Fire      2%         2d3       100%        4
 Agony                    Necr           2%         N/A       100%        5
 Freezing Cloud           Conj/Ice/Air   1%         6-21      100%        5
 Irradiate                Conj/Tmut      1%         3d12      100%        5
 Silence                  Hex/Air        1%         N/A       100%        5
 Ignition                 Fire           1%         3d3       100%        8
 Lehudib's Crystal Spear  Conj/Erth      1%         10d2      100%        8


Dungeon Overview and Level Annotations

Branches:
Dungeon (13/15)            Temple (0/1) D:4            Lair (0/5) D:9
    Orc (0/2) D:11          Sewer (visited)
 Vaults: D:13-14

Altars:
Ashenzari
Cheibriados
Dithmenos
Hepliaklqana
Kikubaaqudgha
Makhleb
Okawaru
Qazlal
Ru
Sif Muna
Trog
Uskayaw
Wu Jian
Yredelemnul

Shops:
D:2 (   D:12 *


Innate Abilities, Weirdness & Mutations

You are a hulking beast.
Your limbs bulge with bestial killing power. (Slay +4)
You have a pair of small horns on your head.
A meltable icy envelope protects you from harm. (AC +4)
A meltable shield of frost defends you. (SH +4)
You have a small tail.
Your touch may irresistibly damage your foes and sap their willpower.


Message History

The freezing wraith is engulfed in a thunderstorm.
The freezing wraith hits you. The freezing wraith freezes you!
The freezing wraith hits you but does no damage.
The death knight hits you but does no damage.
The freezing wraith is engulfed in a thunderstorm.
You destroy the freezing wraith!
Qazlal accepts your kill.
Your Shapeshifting skill increases to level 8!
The manticore flicks its tail.
The volley of spikes is repelled.
You block the death knight's attack.
The death knight invokes the aid of Yredelemnul against you.
Your body is wracked with pain!
There is a stone staircase leading up, spattered with blood here.
The death knight barely misses you.
The manticore is engulfed in freezing vapours.
The manticore flicks its tail.
You block the volley of spikes.
You fly upwards.
There is a stone staircase leading down here.
You slice the death knight!! You burn the death knight!
You headbutt the death knight.
The death knight is moderately wounded.
The death knight hits you with a +1 halberd.
The death knight offers itself to Yredelemnul, and fills with unholy energy.
You slice the death knight!! You burn the death knight!
Your headbutt misses the death knight.
You touch the death knight!
You sap its willpower!
The death knight is almost dead.
The death knight reflects your damage back at you!
* * * LOW HITPOINT WARNING * * *
The death knight mumbles some strange prayers to Yredelemnul against you.
Your body is wracked with pain!
* * * LOW HITPOINT WARNING * * *
You block the death knight's attack.
You slash the death knight! You burn the death knight.
You kill the death knight!
Qazlal accepts your kill.
Your damage is reflected back at you!
You die...

#.##............###.....###.##
#.##.#.#.......## ####### #.#
#.##.#.###...#.# #.#
#......###...#.# #.#
###......#####'## ######.###
#..###.# ##...## #..>......
#..# #.###..§.§## #.###.###.
#..###.##..)....## #.#...# #.
##...##.#....h)...###.....###.
#.......+...○.....'...........
##......#...§.○...###....####.
#..######.......## #.........
#.## ##.....## ####.##### #.#
##...## #.# #.# ##'## #.# #.#
#.# #.# #.## #.# #.#


There were no monsters in sight!

Vanquished Creatures
  2 two-headed ogres
  2 death knights
  Erica (D:8)
  An ogre mage (D:11)
  3 boulder beetles
  2 skeletal warriors
  A phantasmal warrior (D:13)
  2 ugly things
  A cyclops (D:11)
  4 manticores
  A gargoyle (D:7)
  Maurice (D:8)
  A kobold demonologist (D:9)
  A freezing wraith (D:13)
  A komodo dragon (D:9)
  2 unseen horrors
  A queen bee (shapeshifter) (D:11)
  2 polar bears (D:10)
  4 trolls
  Grinder (D:3)
  A hornet (D:8)
  Prince Ribbit (D:5)
  A slime creature (D:9)
  3 shadows (D:11)
  4 wyverns
  13 yaks
  2 vampires
  6 steam dragons
  A vampire mosquito (D:9)
  An acid dragon (D:9)
  2 water moccasins
  7 orc warriors
  An ice beast (D:7)
  2 sky beasts (D:7)
  2 ogres
  6 centaurs
  A phantom (D:4)
  11 bullfrogs
  11 kobold brigands
  2 scorpions
  2 wights (D:9)
  7 killer bees (D:9)
  7 howler monkeys
  4 orc priests
  A hound (D:7)
  5 jellies
  4 gnoll boudas
  4 iguanas
  4 orc wizards
  3 sleepcaps
  4 hell rats (D:7)
  10 river rats
  8 adders
  15 gnolls
  A shadow imp (D:8)
  2 white imps
  2 ufetubi (D:5)
  A worm (D:2)
  2 dart slugs
  23 orcs
  10 ball pythons
  9 bats
  6 endoplasms
  5 giant cockroaches
  2 goblins
  3 hobgoblins
  16 jackals
  11 quokkas
  7 frilled lizards
  20 kobolds
  17 rats
327 creatures vanquished.

Vanquished Creatures (others)
  A human (D:6)
  An orc (D:6)
2 creatures vanquished.

Grand Total: 329 creatures vanquished

Notes
Turn   | Place    | Note
-------+----------+-------------------------------------------
     0 | D:1      | senseless the Demonspawn Shapeshifter began the quest for
                  | the Orb.
     0 | D:1      | Reached XP level 1. HP: 15/15 MP: 1/1
   211 | D:1      | Discovered your monstrous ancestry.
   211 | D:1      | Gained mutation: You have a pair of small horns on your
                  | head. [demonic ancestry]
   211 | D:1      | Reached XP level 2. HP: 12/21 MP: 2/2
   297 | D:1      | Found a faded altar of an unknown god.
   316 | D:1      | Prayed at the altar of an unknown god.
   316 | D:1      | Became a worshipper of Qazlal Stormbringer
   316 | D:1      | Reached * piety under Qazlal
   723 | D:1      | Reached XP level 3. HP: 26/27 MP: 3/3
  1157 | D:2      | Reached ** piety under Qazlal
  1409 | D:2      | Found Avvacis's Antique Weapon Emporium.
  1585 | D:3      | Identified a scroll of acquirement
  1585 | D:3      | Acquired a manual of Spellcasting
  1601 | D:3      | Found a shimmering blue altar of Sif Muna.
  1629 | D:3      | Noticed Grinder
  1639 | D:3      | Killed Grinder
  1640 | D:3      | Reached XP level 4. HP: 18/35 MP: 4/4
  1640 | D:3      | Gained mutation: A meltable shield of frost defends you.
                  | (SH +4) [demonic ancestry]
  1640 | D:3      | Reached XP level 5. HP: 21/41 MP: 5/5
  1640 | D:3      | Gained mutation: You have a small tail. [demonic ancestry]
  1640 | D:3      | Reached XP level 6. HP: 25/47 MP: 6/6
  2030 | D:3      | Found a glowing drain.
  2035 | Sewer    | Entered a sewer
  2722 | Sewer    | Gained mutation: Your touch may inflict minor irresistible
                  | damage on your foes. [demonic ancestry]
  2722 | Sewer    | Reached XP level 7. HP: 44/53 MP: 7/7
  4003 | D:4      | Found a hide-covered altar of Uskayaw.
  4006 | D:4      | Found a staircase to the Ecumenical Temple.
  4144 | D:4      | Reached *** piety under Qazlal
  4145 | D:4      | Reached skill level 1 in Invocations
  4209 | D:4      | Found a burning altar of Makhleb.
  4563 | D:5      | Entered Level 5 of the Dungeon
  4578 | D:4      | Reached skill level 2 in Invocations
  4688 | D:5      | Reached XP level 8. HP: 61/61 MP: 8/10
  4701 | D:5      | Reached skill level 5 in Unarmed Combat
  4727 | D:5      | Reached skill level 3 in Invocations
  4989 | D:5      | Noticed Prince Ribbit
  5005 | D:5      | Killed Prince Ribbit
  5006 | D:5      | Reached skill level 1 in Spellcasting
  5272 | D:5      | Identified the +1 spear of Mastery {freeze, rN+ Str-5
                  | Int+4}
  5373 | D:5      | Found an iron altar of Okawaru.
  5657 | D:6      | Noticed a troll
  5664 | D:6      | Killed a troll
  5665 | D:6      | Reached skill level 5 in Fighting
  5665 | D:6      | Reached skill level 4 in Invocations
  5665 | D:6      | Reached skill level 5 in Shapeshifting
  5766 | D:6      | Reached skill level 5 in Dodging
  5816 | D:6      | Identified the +6 long sword of the Blessed Realm {freeze,
                  | rN++ Stlth+}
  5830 | D:6      | Found an ornate altar of the Wu Jian Council.
  5874 | D:6      | Found a sacrificial altar of Ru.
  5896 | D:6      | Found a hazy altar of Hepliaklqana.
  5970 | D:6      | Found an ancient bone altar of Kikubaaqudgha.
  6018 | D:6      | Gained mutation: Your touch may inflict irresistible damage
                  | on your foes. [demonic ancestry]
  6018 | D:6      | Reached XP level 9. HP: 48/68 MP: 6/14
  6412 | D:7      | Reached skill level 5 in Invocations
  6419 | D:7      | Noticed a two-headed ogre
  6425 | D:7      | Killed a two-headed ogre
  6610 | D:7      | Noticed a gargoyle
  6629 | D:7      | Killed a gargoyle
  6630 | D:7      | Reached skill level 5 in Spellcasting
  6630 | D:7      | Reached skill level 6 in Invocations
  6721 | D:7      | Reached **** piety under Qazlal
  6957 | D:7      | Identified the +5 chain mail "Hyujah" {Dex+3 Slay+5}
  7221 | D:7      | Gained mutation: Your touch may irresistibly damage your
                  | foes and sap their willpower. [demonic ancestry]
  7221 | D:7      | Reached XP level 10. HP: 77/77 MP: 18/18
  7273 | D:7      | Reached skill level 1 in Armour
  7542 | D:8      | Found a shadowy altar of Dithmenos.
  7726 | D:8      | Noticed Maurice
  7731 | D:8      | Noticed Erica
  7736 | D:8      | Killed Maurice
  7739 | D:8      | Killed Erica
  7740 | D:8      | Reached skill level 7 in Invocations
  7896 | D:8      | Found a broken altar of Ashenzari.
  8126 | D:8      | Found a snail-covered altar of Cheibriados.
  8385 | D:9      | Noticed a green ugly thing
  8388 | D:9      | Noticed a skeletal warrior
  8395 | D:9      | Killed a green ugly thing
  8398 | D:9      | Killed a skeletal warrior
  8399 | D:9      | Reached XP level 11. HP: 36/84 MP: 12/19
  8428 | D:9      | Reached skill level 8 in Invocations
  8441 | D:9      | Reached ***** piety under Qazlal
  8709 | D:9      | Reached skill level 5 in Armour
  8855 | D:9      | Found the +7 captain's cutlass {speed, disarm}
  8860 | D:9      | Identified the +0 short sword "Itum Imo" {drain, Fly rN+}
  8889 | D:9      | Noticed a boulder beetle
  8908 | D:9      | Killed a boulder beetle
  9170 | D:9      | Found the +5 robe of Misfortune {Harm *Corrode *Slow EV+5}
  9186 | D:9      | Found a staircase to the Lair.
  9334 | D:9      | Found a runed translucent door.
  9344 | D:9      | Found a basalt altar of Yredelemnul.
  9461 | D:9      | Identified the +9 scimitar "Sied" {flame, rF+ rCorr MP+9
                  | Int-4}
  9757 | D:10     | Entered Level 10 of the Dungeon
  9976 | D:10     | Found a bloodstained altar of Trog.
 10019 | D:10     | Reached skill level 9 in Invocations
 10761 | D:11     | Noticed a two-headed ogre
 10769 | D:11     | Killed a two-headed ogre
 10770 | D:11     | Reached skill level 1 in Long Blades
 10893 | D:11     | Gained mutation: A meltable icy envelope protects you from
                  | harm. (AC +4) [demonic ancestry]
 10893 | D:11     | Reached XP level 12. HP: 94/94 MP: 20/20
 11061 | D:11     | Noticed a death knight
 11069 | D:11     | Killed a death knight
 11148 | D:11     | Noticed an ogre mage
 11153 | D:11     | Killed an ogre mage
 11298 | D:11     | Found a staircase to the Orcish Mines.
 11382 | D:11     | Noticed a boulder beetle
 11388 | D:11     | Killed a boulder beetle
 11904 | D:12     | Found Bietini's Fire Supplies.
 12064 | D:12     | Noticed a boulder beetle
 12075 | D:12     | Killed a boulder beetle
 12515 | D:13     | Noticed a death knight
 12546 | D:12     | HP: 4/94 [mirror damage (27)]
 12547 | D:12     | Killed a death knight
 12547 | D:12     | Killed by mirror damage

Illustrated notes

Levels and vault maps discovered:
D:1:      psy_arrival_statuary, layout_loops_ring,
          hellmonk_ecumenical_altar_arch_garden
D:2:      layout_basic, serial_shops, shop, minmay_misc_feat_encased,
          hangedman_decor_peaks_small
D:3:      layout_loops_corners, mainiacjoe_overflow_cross_hatched,
          mainiacjoe_sewer_entry_somewhere_in_here_2, nicolae_grassy_gnolls,
          uniq_grinder
D:4:      layout_basic, mainiacjoe_overflow_large_starburst,
          minmay_temple_entry_antechambers, item_on_display_a
D:5:      layout_rooms, lemuel_doored_altar, st_stairs_14, uniq_prince_ribbit1
D:6:      layout_basic, tgw_kikubaaqudgha, nicolae_ru_great_annihilating_truth,
          nicolae_hepliaklqana_hazy_memory, mainiacjoe_overflow_alcove_1
D:7:      lemuel_ratsnest, layout_basic, minmay_microvault
D:8:      layout_rooms, general_overflow_altar, nicolae_dithmenos_shadow_blocks,
          ashenzari_altar_1, uniq_erica, uniq_maurice
D:9:      minmay_the_grid_4x2 [minmay_the_grid_stretched_grid,
          minmay_the_grid_rooms, minmay_the_grid_zigzag_pyramid,
          minmay_the_grid_minigrid_small_alt, minmay_the_grid_embedded,
          minmay_the_grid_tiny_cups, minmay_the_grid_paths,
          minmay_the_grid_prize_trominoes], layout_irregular_city, zin_statuary,
          dk_yredelemnul_ordeal, grunt_lair_entry_orc_guard_hut, minivault_25,
          nicolae_wand_duel, kennysheep_another_room,
          dreamdust_princess_corridor
D:10:     layout_stronghold, trog_ov_bears_minmay
D:11:     layout_roguey, orc_0_dummy, hangedman_abyss_or_decor_stagger,
          minmay_fractal_squares_gapless_7
D:12:     layout_loops_corners, nicolae_shop_fire_sale [nicolae_sub_dead_trees]
D:13:     evilmike_iron_armoury, layout_small_grid, serial_shops, shop,
          kb_rosetta

Skill      XL: |  1  2  3  4  5  6  7  8  9 10 11 12 |
---------------+-------------------------------------+-----
Dodging        | 2 3 4 5 6 7 8 |  8.2
Unarmed Combat | 3 4 5 6 7 8 |  8.5
Shapeshifting  | 3 4 5 6 7 8 |  8.0
Fighting       | 3 4 5 6 7 8 |  8.9
Invocations    | 2 4 6 7 9 |  9.9
Spellcasting   | 3 5 |  5.3
Armour         | 4 6 7 |  7.6
Long Blades    | 1 2 |  2.3

Action                     |  1- 3 |  4- 6 |  7- 9 | 10-12 || total
---------------------------+-------+-------+-------+-------++-------
  Melee: Short sword       |   137 |       |       |       ||   137
         Unarmed           |     7 |       |       |       ||     7
         Punch             |     7 |     2 |     6 |    17 ||    32
         Headbutt          |    19 |    16 |    40 |    78 ||   153
         Whip              |     3 |   122 |   109 |       ||   234
         Tailslap          |       |    10 |    36 |    55 ||   101
         Touch             |       |       |    34 |    54 ||    88
         Long sword        |       |       |    78 |   174 ||   252
         Scimitar          |       |       |       |   114 ||   114
         Cutlass           |       |       |       |     8 ||     8
  Throw: Dart              |     5 |       |     2 |     3 ||    10
    Use: Scroll            |     7 |       |     7 |     5 ||    19
         Potion            |       |       |     2 |     3 ||     5
   Stab: Invisible         |       |       |       |     2 ||     2
 Armour: Animal skin       |    96 |    45 |    46 |       ||   187
         Troll leather arm |       |       |    39 |       ||    39
         Chain mail        |       |       |     8 |   219 ||   227
  Dodge: Dodged            |   103 |    72 |    94 |   136 ||   405
         Repelled          |       |       |       |     4 ||     4
  Block: Other             |    11 |    43 |    80 |   156 ||   290

Table legend: (Time is in decaauts)
 A = Elapsed time spent in this place.
 B = Non-inter-level travel time spent in this place.
 C = Inter-level travel time spent in this place.
 D = Time resting spent in this place.
 E = Time spent auto-exploring this place.
 F = Levels seen in this place.
 G = Mean time per level.
                   A        B        C        D        E       F      G
               +--------+--------+--------+--------+--------+-----+--------+
         Total |  12865 |  12546 |    319 |    683 |   9619 |  14 |  918.9 |
       Dungeon |  11673 |  11354 |    319 |    683 |   8736 |  13 |  897.9 |
         Sewer |   1192 |   1192 |      0 |      0 |    882 |   1 | 1192.0 |
               +--------+--------+--------+--------+--------+-----+--------+

Top non-repeatable levels by time:
     D:9: 1525 daAuts
   Sewer: 1192 daAuts
     D:7: 1185 daAuts
     D:3: 1115 daAuts
    D:10: 983 daAuts
    D:11: 983 daAuts
     D:6: 903 daAuts
     D:1: 896 daAuts
     D:5: 877 daAuts
     D:2: 850 daAuts
    D:12: 843 daAuts
     D:8: 781 daAuts
     D:4: 707 daAuts
    D:13: 18 daAuts
